 Dungeon Crawl Stone Soup version 0.30-a0-297-g0ec75d9ef4 (console) character file.

Game seed: 3757102733357542564

106360 Ignak the Thaumaturge (level 16, -8/125 HPs)
             Began as a Gnoll Hedge Wizard on Oct 18, 2022.
             Was a High Priest of Sif Muna.
             Killed from afar by a war gargoyle (27 damage)
             ... with a spray of metal splinters
             ... on level 14 of the Dungeon.
             The game lasted 01:54:21 (27945 turns).

Ignak the Thaumaturge (Gnoll Hedge Wizard)         Turns: 27945, Time: 01:54:22

Health: -8/125     AC: 14    Str: 15    XL:     16   Next: 43%
Magic:  1/29       EV: 17    Int: 25    God:    Sif Muna [*****.]
Gold:   1963       SH:  0    Dex: 13    Spells: 0/41 levels left

rFire   + . .      SeeInvis +    f - +9 glaive {vorpal, rPois rN+++ rCorr Int+4}
rCold   + . .      Faith    .    (shield currently unavailable)
rNeg    + + +      Spirit   .    Q - +1 troll leather armour
rPois   +          Reflect  .    c - +0 hat
rElec   .          Harm     .    p - scarf {rC+ rF+}
rCorr   +          Rampage  .    B - +2 pair of gloves
Will    +....                    m - +2 pair of boots
Stlth   +++++.....               (no amulet)
HPRegen 1.20/turn                v - ring of see invisible
MPRegen 0.21/turn                O - +6 ring of strength

@: about to teleport
A: fangs 2, strong nose, distributed training, low MP 1, sturdy frame 1
a: Renounce Religion, Channel Magic, Forget Spell, Divine Exegesis


You were on level 14 of the Dungeon.
You worshipped Sif Muna.
Sif Muna was extremely pleased with you.
You visited 4 branches of the dungeon, and saw 22 of its levels.
You also visited: Ossuary, Bailey and Ice Cave.

You collected 2779 gold pieces.
You spent 816 gold pieces at shops.

Inventory:

Hand Weapons
 f - the +9 glaive "Dum Ulo" (weapon) {vorpal, rPois rN+++ rCorr Int+4}
   (You found it on level 10 of the Dungeon)

   It inflicts extra damage upon your enemies.
   Int:       It affects your intelligence (+4).
   rPois:     It protects you from poison.
   rN:        It renders you almost immune to negative energy.
   rCorr:     It protects you from acid and corrosion.
 t - the +6 longbow of Armageddon {flame, rF+ Int-3 SInv}
   (You found it on level 10 of the Dungeon)

   Any ammunition fired from it burns those it strikes, dealing additional fire
   damage.
   Int:       It affects your intelligence (-3).
   rF:        It protects you from fire.
   SInv:      It lets you see invisible.
 T - a +2 hand crossbow of freezing
 X - the +8 whip "Snakebite" {venom, curare, rPois}
   (You found it on level 4 of the Lair of Beasts)

   It poisons the flesh of those it strikes.
   It occasionally inflicts asphyxiating poison on those it strikes, dealing
   poison damage and causing slowness.
   rPois:     It protects you from poison.
Missiles
 o - 71 poisoned darts (quivered)
Armour
 c - a +0 hat (worn)
 g - a +2 robe of the Archmagi
 i - a +2 leather armour of resistance
 m - a +2 pair of boots (worn)
 p - a scarf of resistance (worn)
 x - +0 ice dragon scales
 B - a +2 pair of gloves (worn)
 F - a +0 buckler
 Q - a +1 troll leather armour (worn)
 S - a +2 cloak of poison resistance
Jewellery
 s - a ring of ice
 v - a ring of see invisible (left hand)
 L - a +6 ring of intelligence
 O - a +6 ring of strength (right hand)
 U - a ring of ice
Wands
 n - a wand of iceblast (19)
 q - a wand of mindburst (9)
 H - a wand of flame (42)
 J - a wand of polymorph (11)
 Y - a wand of paralysis (9)
Scrolls
 a - a scroll of amnesia
 b - a scroll of magic mapping
 h - 2 scrolls of fog
 u - 8 scrolls of teleportation
 w - 9 scrolls of fear
 y - 5 scrolls of poison
 E - 3 scrolls of brand weapon
 G - 2 scrolls of summoning
 K - a scroll of silence
 P - 2 scrolls of blinking
 V - 2 scrolls of enchant armour
Potions
 d - 3 potions of magic
 e - 4 potions of might
 j - 6 potions of haste
 k - 2 potions of brilliance
 l - 4 potions of lignification
 r - 3 potions of mutation
 z - 10 potions of ambrosia
 A - 2 potions of berserk rage
 C - 3 potions of resistance
 D - 11 potions of curing
 N - 2 potions of cancellation
 W - 2 potions of invisibility
Miscellaneous
 M - a lightning rod (4/4)


   Skills:
 + Level 11.3 Fighting
 + Level 11.3 Short Blades
 + Level 11.3 Long Blades
 + Level 11.3 Axes
 + Level 11.3 Maces & Flails
 + Level 11.3 Polearms
 + Level 11.3 Staves
 + Level 11.3 Ranged Weapons
 + Level 11.3 Throwing
 + Level 11.3 Armour
 + Level 12.1 Dodging
 + Level 12.0 Stealth
 + Level 11.3 Shields
 + Level 11.3 Unarmed Combat
 + Level 13.2 Spellcasting
 + Level 9.8 Conjurations
 + Level 9.5 Hexes
 + Level 9.8 Summonings
 + Level 9.5 Necromancy
 + Level 9.8 Translocations
 + Level 9.5 Transmutations
 + Level 9.5 Fire Magic
 + Level 9.5 Ice Magic
 + Level 9.5 Air Magic
 + Level 9.5 Earth Magic
 + Level 9.5 Poison Magic
 + Level 12.2 Invocations
 + Level 11.3 Evocations


You couldn't memorise any spells.
You knew the following spells:

 Your Spells              Type           Power      Damage    Failure   Level
a - Wereblood             Tmut           59%        N/A       1%          2
b - Blink                 Tloc           100%       N/A       1%          2
c - Dispel Undead         Necr           59%        3d21      1%          4
d - Mephitic Cloud        Conj/Pois/Air  59%        N/A       1%          3
e - Summon Lightning Spi  Summ/Air       60%        N/A       1%          4
f - Freezing Cloud        Conj/Ice/Air   29%        6-21      1%          5
g - Sticky Flame          Conj/Fire      60%        2d8       1%          4
h - Frozen Ramparts       Ice            100%       1d16      1%          3
i - Vampiric Draining     Necr           59%        2d10      1%          3
q - Ignite Poison         Fire/Tmut/Pois 59%        N/A       1%          3
r - Flame Wave            Conj/Fire      60%        2d14      1%          4
z - Olgreb's Toxic Radia  Pois           59%        N/A       1%          4

Your spell library contained the following spells:

 Spells                   Type           Power      Damage    Failure   Level
 Beastly Appendage        Tmut           100%       N/A       1%          1
 Foxfire                  Conj/Fire      100%       2x1d9     1%          1
 Freeze                   Ice            100%       1d10      1%          1
 Magic Dart               Conj           100%       1d8       1%          1
 Slow                     Hex            100%       N/A       1%          1
 Summon Small Mammal      Summ           100%       N/A       1%          1
 Call Imp                 Summ           60%        N/A       1%          2
 Cigotuvi's Dreadful Rot  Necr/Pois/Air  100%       N/A       1%          2
 Momentum Strike          Conj/Tloc      100%       3d10      1%          2
 Passwall                 Tmut/Erth      49%        N/A       1%          2
 Static Discharge         Conj/Air       100%       2-7/arc   1%          2
 Call Canine Familiar     Summ           60%        N/A       1%          3
 Dazzling Flash           Conj/Hex       100%       N/A       1%          3
 Hailstorm                Conj/Ice       60%        3d13      1%          3
 Inner Flame              Hex/Fire       59%        N/A       1%          3
 Kindle Blastsparks       Fire/Tloc/Air  100%       2d18      1%          3
 Spider Form              Tmut/Pois      59%        N/A       1%          3
 Stone Arrow              Conj/Erth      100%       3d13      1%          3
 Summon Guardian Golem    Hex/Summ       60%        N/A       1%          3
 Tukima's Dance           Hex            59%        N/A       1%          3
 Vhi's Electric Charge    Tloc/Air       100%       N/A       1%          3
 Animate Armour           Summ/Erth      100%       N/A       1%          4
 Ice Form                 Ice/Tmut       59%        N/A       1%          4
 Leda's Liquefaction      Hex/Erth       29%        N/A       1%          4
 Passage of Golubria      Tloc           60%        N/A       1%          4
 Petrify                  Tmut/Erth      59%        N/A       1%          4
 Summon Ice Beast         Ice/Summ       60%        N/A       1%          4
 Agony                    Necr           59%        N/A       1%          5
 Alistair's Intoxication  Tmut/Pois      39%        N/A       1%          5
 Fireball                 Conj/Fire      30%        3d13      1%          5
 Irradiate                Conj/Tmut      30%        3d21      1%          5
 Iskenderun's Battlesphe  Conj           60%        2d11      1%          5
 Lee's Rapid Deconstruct  Erth           29%        3d15*     1%          5
 Lightning Bolt           Conj/Air       30%        1d47      1%          5
 Silence                  Hex/Air        29%        N/A       1%          5
 Yara's Violent Unravell  Hex/Tmut       29%        3d12      1%          5
 Conjure Ball Lightning   Conj/Air       30%        3x3d10    11%         6
 Death Channel            Necr           29%        N/A       11%         6
 Iron Shot                Conj/Erth      30%        9d6       11%         6
 Simulacrum               Ice/Necr       29%        N/A       11%         6
 Malign Gateway           Summ/Tloc      30%        N/A       50%         7
 Monstrous Menagerie      Summ           30%        N/A       50%         7
 Orb of Destruction       Conj           30%        9d10      50%         7
 Spellforged Servitor     Conj/Summ      30%        N/A       50%         7
 Ozocubu's Refrigeration  Ice            29%        4d14      52%         7
 Discord                  Hex            29%        N/A       99%         8
 Disjunction              Tloc           30%        N/A       99%         8
 Ignition                 Fire           29%        3d9       99%         8
 Lehudib's Crystal Spear  Conj/Erth      30%        10d8      99%         8
 Necromutation            Tmut/Necr      29%        N/A       99%         8


Dungeon Overview and Level Annotations

Branches:
Dungeon (14/15)            Temple (1/1) D:5            Lair (5/5) D:9
  Swamp (0/4) Lair:2       Spider (0/4) Lair:3        Slime (0/5) Lair:4
    Orc (2/2) D:9             Elf (0/3) Orc:2       Ossuary (visited)
 Bailey (visited)           IceCv (visited)
 Vaults: D:13-14

Altars:
Ashenzari
Cheibriados
Dithmenos
Elyvilon
Fedhas
Gozag
Hepliaklqana
Kikubaaqudgha
Makhleb
Nemelex Xobeh
Okawaru
Sif Muna
Uskayaw
Vehumet
Yredelemnul

Shops:
Orc:2 ((((:*

Portals:
Trove: D:12 (show slimy rune of Zot)


Innate Abilities, Weirdness & Mutations

You have extremely sharp teeth.
Your uncanny sense of smell can sniff out nearby items.
Your experience applies equally to all skills.
Your magical capacity is low. (-10% MP)
Your movements are slightly less encumbered by armour. (ER -2)


Message History

* * * LOW HITPOINT WARNING * * *
Casting: Freezing Cloud (mildly dangerous; 1% risk of failure)
Confirm with . or Enter, or press ? or * to list all spells.
You blink.
The death knight's dark mirror aura disappears.
Sif Muna accepts your kill.
You feel a bit more experienced.
The death knight is engulfed in freezing vapours.
You feel much better.
As you read the scroll of teleportation, it crumbles to dust.
You feel strangely unstable.
The death knight hits you with a +1 broad axe!
* * * LOW HITPOINT WARNING * * *
The war gargoyle launches metal splinters at you.
The spray of metal splinters misses you.
Casting: Blink (safe; 1% risk of failure)
Confirm with . or Enter, or press ? or * to list all spells.
Aiming: Vampiric Draining (safe; 1% risk of failure)
Press: ? - help, Shift-Dir - straight line, f - death knight, p - war gargoyle
Aim: a death knight, wielding a +1 broad axe and wearing a +0 chain mail (moderately wounded)
You draw life force from the death knight.
You feel life coursing into your body. The war gargoyle closely misses you.
The death knight completely misses you.
Casting: Vampiric Draining (safe; 1% risk of failure)
Confirm with . or Enter, or press ? or * to list all spells.
Aiming: Vampiric Draining (safe; 1% risk of failure)
Press: ? - help, Shift-Dir - straight line, f/p - death knight
Aim: a death knight, wielding a +1 broad axe and wearing a +0 chain mail (moderately wounded)
You draw life force from the death knight!
You feel life coursing into your body!
The war gargoyle hits you with a +2 great mace of protection!
* * * LOW HITPOINT WARNING * * *
The death knight hits you with a +1 broad axe.
* * * LOW HITPOINT WARNING * * *
The war gargoyle hits you with a +2 great mace of protection!!
* * * LOW HITPOINT WARNING * * *
You feel better. The death knight misses you.
The war gargoyle launches metal splinters at you.
The spray of metal splinters hits you!!
You die...

#.......~~~~~~~~≈~~~~≈~~≈~≈~~~~
#.......~######################
#.......~#...........))...(...#
#.).....~#.....††.†....)..)...#
#.......~#..#######e'#######..#
#...<###≈#..#$..○.e.... ∆#[.#
#....##.~#..#..e..J.... #..#
#.......~#..#9p######### #..#
#.......~#..#.@#∆ ∆ #†.#
#.......≈#..#..# #..#
#...<##.~#..#..# #..#
#....##.~#..#..# ∆∆ ∆ #..#
#.......≈#..#..# ∆∆ #..#
#.......≈#.)#..# #..#
#.......~#..#..# #..#
#....##.~#..#..#∆ ∆ #..#
#...≈##.~#..# #..#


You could see a death knight, a war gargoyle (catching breath) and a deep elf
pyromancer.

Vanquished Creatures
  Kirke (Lair:5)
  An orc warlord (D:9)
  Azrael (D:13)
  Josephine (D:14)
  5 hydras
  4 centaur warriors
  2 ironbound frosthearts (IceCv)
  A catoblepas (Lair:1)
  A death knight (D:14)
  2 ogre magi
  6 boulder beetles
  4 death yaks (IceCv)
  14 two-headed ogres
  2 orc high priests
  A tengu warrior (D:14)
  Sonja (D:13)
  A fire crab (Lair:4)
  2 goliath frogs (Lair:5)
  2 deep trolls
  A wizard (D:14)
  6 orc knights
  9 ugly things
  2 deep elf pyromancers (D:14)
  4 orc sorcerers
  5 cyclopes
  4 manticores
  4 black mambas
  Joseph (D:7)
  An ice statue (IceCv)
  10 elephants
  16 cane toads
  4 rime drakes
  6 gargoyles
  An efreet (D:14)
  3 unseen horrors
  7 komodo dragons
  2 tengu conjurers
  A freezing wraith (D:14)
  A queen bee (D:11)
  3 meliai (D:14)
  14 trolls
  11 polar bears (IceCv)
  A hornet (Lair:3)
  4 tyrant leeches
  6 dream sheep (Lair:4)
  14 blink frogs (Lair:5)
  8 slime creatures
  A shadow (D:9)
  A water elemental (D:14)
  58 yaks
  4 vampires
  Eustachio (D:4)
  12 wraiths
  A wyvern (D:10)
  3 fire elementals (D:13)
  4 hogs (Lair:5)
  4 basilisks
  7 vampire mosquitoes
  2 steam dragons
  7 wargs
  2 acid dragons
  21 water moccasins
  2 swamp worms (Lair:2)
  5 hell hounds (D:13)
  23 orc warriors
  An ice beast (D:5)
  A sky beast (D:7)
  23 wolves
  22 ogres
  14 centaurs
  2 phantoms
  12 kobold brigands
  Blork the orc (D:5)
  20 bullfrogs
  7 gnoll sergeants
  3 scorpions
  16 wights
  27 killer bees
  3 troll zombies (Ossuary)
  3 howler monkeys
  An electric eel (D:14)
  14 orc priests
  16 jellies
  7 hounds
  5 gnoll boudas
  8 iguanas
  23 orc wizards
  A wolf simulacrum (Lair:1)
  2 ogre zombies (Ossuary)
  8 mummies
  10 adders
  46 gnolls
  3 shadow imps
  4 white imps
  3 ufetubi
  6 adder zombies (Ossuary)
  2 worms
  2 dart slugs (D:4)
  82 orcs
  7 ball pythons
  7 bats
  11 endoplasms
  2 giant cockroaches
  12 goblins
  3 hobgoblins
  12 jackals
  3 quokkas
  7 frilled lizards
  2 gnoll zombies (Ossuary)
  2 goblin zombies (Ossuary)
  2 hobgoblin zombies (Ossuary)
  30 kobolds
  5 kobold zombies (Ossuary)
  4 quokka zombies (Ossuary)
  7 rats
  4 rat zombies (Ossuary)
877 creatures vanquished.

Vanquished Creatures (collateral kills)
  A black mamba (Lair:4)
  A cane toad (Lair:5)
  A basilisk (Lair:5)
  A vampire mosquito (Lair:5)
  4 water moccasins
  An ice beast (D:6)
  2 gnolls
  An adder (D:2)
  2 dart slugs (D:2)
  3 orcs
  An endoplasm (D:1)
  3 hobgoblins
  3 jackals (D:2)
  A quokka (D:2)
  2 ball pythons
  2 bats (D:1)
  A frilled lizard (D:3)
  2 rats (D:2)
32 creatures vanquished.

Vanquished Creatures (others)
  26 fungi
  94 plants
120 creatures vanquished.

Grand Total: 1029 creatures vanquished

Notes
Turn   | Place    | Note
-------+----------+-------------------------------------------
     0 | D:1      | Ignak the Gnoll Hedge Wizard began the quest for the Orb.
     0 | D:1      | Reached XP level 1. HP: 13/13 MP: 8/8
    63 | D:1      | Reached XP level 2. HP: 19/19 MP: 0/10
   474 | D:1      | Learned a level 2 spell: Blink
   477 | D:1      | Learned a level 2 spell: Call Imp
   497 | D:1      | Reached XP level 3. HP: 16/25 MP: 6/11
   501 | D:1      | Learned a level 3 spell: Mephitic Cloud
   781 | D:1      | Reached skill level 1 in Invocations
   981 | D:2      | Reached skill level 1 in Fighting
   981 | D:2      | Reached skill level 1 in Short Blades
   981 | D:2      | Reached skill level 1 in Long Blades
   981 | D:2      | Reached skill level 1 in Axes
   981 | D:2      | Reached skill level 1 in Maces & Flails
   981 | D:2      | Reached skill level 1 in Polearms
   981 | D:2      | Reached skill level 1 in Staves
   981 | D:2      | Reached skill level 1 in Ranged Weapons
   981 | D:2      | Reached skill level 1 in Throwing
   981 | D:2      | Reached skill level 1 in Armour
   981 | D:2      | Reached skill level 1 in Shields
   981 | D:2      | Reached skill level 1 in Unarmed Combat
   981 | D:2      | Reached skill level 1 in Evocations
  1153 | D:2      | Reached XP level 4. HP: 30/32 MP: 11/13
  1256 | D:2      | Reached skill level 1 in Hexes
  1256 | D:2      | Reached skill level 1 in Necromancy
  1256 | D:2      | Reached skill level 1 in Transmutations
  1256 | D:2      | Reached skill level 1 in Fire Magic
  1256 | D:2      | Reached skill level 1 in Ice Magic
  1256 | D:2      | Reached skill level 1 in Air Magic
  1256 | D:2      | Reached skill level 1 in Earth Magic
  1256 | D:2      | Reached skill level 1 in Poison Magic
  1622 | D:4      | Reached XP level 5. HP: 37/37 MP: 12/14
  1846 | D:4      | Found a sand-covered staircase.
  1852 | Ossuary  | Entered an ossuary
  1858 | Ossuary  | Learned a level 4 spell: Dispel Undead
  1895 | Ossuary  | Reached XP level 6. HP: 43/44 MP: 16/16
  2049 | Ossuary  | Reached skill level 5 in Dodging
  2062 | Ossuary  | Learned a level 1 spell: Slow
  2543 | Ossuary  | Learned a level 3 spell: Kindle Blastsparks
  2813 | Ossuary  | Reached XP level 7. HP: 51/51 MP: 1/18
  3374 | D:2      | Gained mutation: Your magical capacity is low. (-10% MP)
                  | [potion of mutation]
  3374 | D:2      | Gained mutation: You have hidden genetic potential. [potion
                  | of mutation]
  4027 | D:4      | Reached skill level 5 in Stealth
  4346 | D:5      | Entered Level 5 of the Dungeon
  4392 | D:5      | Reached XP level 8. HP: 32/58 MP: 17/17
  4466 | D:5      | Gained mutation: You have extremely sharp teeth. [hidden
                  | potential]
  4604 | D:5      | Noticed Blork the orc
  4609 | D:5      | HP: 2/58 [disintegration (14)]
  4770 | D:4      | Learned a level 3 spell: Ignite Poison
  4941 | D:5      | Noticed Eustachio
  4953 | D:4      | Killed Eustachio
  4954 | D:4      | Reached skill level 8 in Spellcasting
  5054 | D:5      | Killed Blork the orc
  5458 | D:5      | Reached XP level 9. HP: 64/65 MP: 7/19
  5660 | D:5      | Gained mutation: Your movements are slightly less
                  | encumbered by armour. (ER -2) [hidden potential]
  5660 | D:5      | Lost mutation: You have hidden genetic potential. [hidden
                  | potential expressed]
  6051 | D:5      | Found a staircase to the Ecumenical Temple.
  6061 | Temple   | Entered the Ecumenical Temple
  6085 | Temple   | Became a worshipper of Sif Muna the Loreminder
  6569 | D:6      | Learned a level 4 spell: Flame Wave
  6575 | D:6      | Learned a level 4 spell: Sticky Flame
  6624 | D:6      | Found a burning altar of Makhleb.
  6637 | D:6      | Reached skill level 5 in Invocations
  6858 | D:6      | Found a shadowy altar of Dithmenos.
  7134 | D:6      | Reached * piety under Sif Muna
  7204 | D:6      | Found a sparkling altar of Nemelex Xobeh.
  7204 | D:6      | Found an iron altar of Okawaru.
  7210 | D:6      | Found a faded altar of an unknown god.
  7212 | D:6      | Found a snail-covered altar of Cheibriados.
  7214 | D:6      | Found a hazy altar of Hepliaklqana.
  7396 | D:6      | Found an opulent altar of Gozag.
  7400 | D:6      | Found a basalt altar of Yredelemnul.
  7413 | D:6      | Found an ancient bone altar of Kikubaaqudgha.
  7417 | D:6      | Found a blossoming altar of Fedhas.
  7548 | D:7      | Reached skill level 5 in Fighting
  7548 | D:7      | Reached skill level 5 in Short Blades
  7548 | D:7      | Reached skill level 5 in Long Blades
  7548 | D:7      | Reached skill level 5 in Axes
  7548 | D:7      | Reached skill level 5 in Maces & Flails
  7548 | D:7      | Reached skill level 5 in Polearms
  7548 | D:7      | Reached skill level 5 in Staves
  7548 | D:7      | Reached skill level 5 in Ranged Weapons
  7548 | D:7      | Reached skill level 5 in Throwing
  7548 | D:7      | Reached skill level 5 in Armour
  7548 | D:7      | Reached skill level 5 in Shields
  7548 | D:7      | Reached skill level 5 in Unarmed Combat
  7548 | D:7      | Reached skill level 5 in Evocations
  7548 | D:7      | Reached XP level 10. HP: 33/73 MP: 3/20
  7596 | D:7      | Noticed Joseph
  8045 | D:7      | Killed Joseph
  8046 | D:7      | Reached skill level 9 in Spellcasting
  8689 | D:8      | Reached skill level 5 in Conjurations
  8689 | D:8      | Reached skill level 5 in Summonings
  8689 | D:8      | Reached skill level 5 in Translocations
  9029 | D:8      | Reached ** piety under Sif Muna
  9532 | D:8      | Reached *** piety under Sif Muna
 10061 | D:9      | You fall into a shaft and drop 1 floor!
 10061 | D:10     | Entered Level 10 of the Dungeon
 10105 | D:10     | Noticed a kobold demonologist
 10162 | D:9      | Found a staircase to the Orcish Mines.
 10325 | D:9      | Found a staircase to the Lair.
 10356 | D:9      | Reached skill level 5 in Hexes
 10356 | D:9      | Reached skill level 5 in Necromancy
 10356 | D:9      | Reached skill level 5 in Transmutations
 10356 | D:9      | Reached skill level 5 in Fire Magic
 10356 | D:9      | Reached skill level 5 in Ice Magic
 10356 | D:9      | Reached skill level 5 in Air Magic
 10356 | D:9      | Reached skill level 5 in Earth Magic
 10356 | D:9      | Reached skill level 5 in Poison Magic
 10356 | D:9      | Reached XP level 11. HP: 76/81 MP: 18/22
 10381 | D:9      | Found a flagged portal.
 10392 | Bailey   | Entered a bailey
 10575 | Bailey   | Noticed an orc knight
 10603 | Bailey   | Reached **** piety under Sif Muna
 10618 | Bailey   | Killed an orc knight
 10732 | Bailey   | Found an iron altar of Okawaru.
 11314 | D:10     | Noticed a two-headed ogre
 11320 | D:10     | Killed a two-headed ogre
 11605 | Orc:1    | Entered Level 1 of the Orcish Mines
 11611 | Orc:1    | Noticed an orc sorcerer
 11779 | Orc:1    | Noticed an orc knight
 11788 | Orc:1    | Killed an orc knight
 11811 | Orc:1    | Killed an orc sorcerer
 11812 | Orc:1    | Reached skill level 10 in Spellcasting
 11964 | Orc:1    | Noticed an orc knight
 12069 | D:9      | Killed an orc knight
 12165 | Orc:1    | Noticed an orc warlord
 12192 | D:9      | Killed an orc warlord
 12193 | D:9      | Reached XP level 12. HP: 88/91 MP: 2/23
 12448 | Orc:1    | Learned a level 5 spell: Freezing Cloud
 12589 | Orc:1    | Reached ***** piety under Sif Muna
 12794 | Orc:2    | Entered Level 2 of the Orcish Mines
 12796 | Orc:2    | Noticed an orc high priest
 12799 | Orc:2    | Noticed an orc high priest
 12913 | Orc:1    | Killed an orc high priest
 13092 | Orc:2    | Found Idghuwko's Weapon Boutique.
 13097 | Orc:2    | Noticed a two-headed ogre
 13206 | Orc:2    | Killed a two-headed ogre
 13254 | Orc:2    | Received a gift from Sif Muna
 13255 | Orc:2    | Got Sif Muna's Spellbook of Leadership {god gift}
 13262 | Orc:2    | Learned a level 4 spell: Summon Lightning Spire
 13421 | Orc:2    | Found a staircase to the Elven Halls.
 13448 | Orc:2    | Noticed a sun demon
 13563 | Orc:2    | Noticed a soul eater
 13571 | Orc:2    | Killed an orc high priest
 13948 | Orc:2    | Found Deaf Xie's General Store.
 13953 | Orc:2    | Found Ihatsah's Weapon Emporium.
 13954 | Orc:2    | Noticed an ogre mage
 13956 | Orc:2    | Noticed a two-headed ogre
 13958 | Orc:2    | Noticed a two-headed ogre
 13959 | Orc:2    | Noticed a two-headed ogre
 13959 | Orc:2    | Noticed a two-headed ogre
 13962 | Orc:2    | Noticed a two-headed ogre
 13966 | Orc:2    | Noticed a two-headed ogre
 13972 | Orc:2    | Killed a two-headed ogre
 13972 | Orc:2    | Noticed a two-headed ogre
 13973 | Orc:2    | Noticed a two-headed ogre
 14103 | Orc:1    | Killed a two-headed ogre
 14141 | Orc:1    | Killed a two-headed ogre
 14142 | Orc:1    | Reached XP level 13. HP: 80/98 MP: 16/25
 14215 | Orc:1    | Reached skill level 11 in Spellcasting
 14849 | Orc:2    | Bought a scroll of fear for 40 gold pieces
 14849 | Orc:2    | Bought a scroll of teleportation for 30 gold pieces
 14849 | Orc:2    | Bought a potion of curing for 30 gold pieces
 14864 | Orc:2    | Found Guuhaxt's Book Shoppe.
 14870 | Orc:2    | Found Jaucirabb's Weapon Shop.
 14944 | Orc:2    | Found Batasug's Weapon Shoppe.
 14971 | Orc:2    | Bought the Unrestrained Analects for 616 gold pieces
 14978 | Orc:2    | Learned a level 4 spell: Olgreb's Toxic Radiance
 14990 | Orc:2    | Bought a potion of haste for 100 gold pieces
 15185 | Lair:1   | Entered Level 1 of the Lair of Beasts
 15254 | Lair:1   | Found a frozen archway.
 15312 | IceCv    | Entered an ice cave
 15414 | IceCv    | Reached skill level 10 in Dodging
 16185 | IceCv    | Reached skill level 10 in Stealth
 16251 | IceCv    | Reached skill level 10 in Invocations
 16251 | IceCv    | Reached XP level 14. HP: 77/108 MP: 3/26
 16576 | IceCv    | Got Qaddamn's Essays on Metallic Air
 17143 | Lair:1   | Received a gift from Sif Muna
 17144 | Lair:1   | Got Sif Muna's Almanac of Harmful Terra Firma {god gift}
 18683 | Lair:2   | Found a staircase to the Swamp.
 19515 | Lair:3   | Found a hole to the Spider Nest.
 20277 | Lair:4   | Reached skill level 12 in Spellcasting
 20713 | Lair:4   | Learned a level 3 spell: Frozen Ramparts
 20761 | Lair:4   | Found a staircase to the Slime Pits.
 20963 | Lair:4   | Received a gift from Sif Muna
 20964 | Lair:4   | Got Sif Muna's Papyrus of Petrous Metamorphosis {god gift}
 21056 | Lair:4   | Found the +8 whip "Snakebite" {venom, curare, rPois}
 21479 | Lair:5   | Entered Level 5 of the Lair of Beasts
 21658 | Lair:5   | Reached skill level 10 in Fighting
 21658 | Lair:5   | Reached skill level 10 in Short Blades
 21658 | Lair:5   | Reached skill level 10 in Long Blades
 21658 | Lair:5   | Reached skill level 10 in Axes
 21658 | Lair:5   | Reached skill level 10 in Maces & Flails
 21658 | Lair:5   | Reached skill level 10 in Polearms
 21658 | Lair:5   | Reached skill level 10 in Staves
 21658 | Lair:5   | Reached skill level 10 in Ranged Weapons
 21658 | Lair:5   | Reached skill level 10 in Throwing
 21658 | Lair:5   | Reached skill level 10 in Armour
 21658 | Lair:5   | Reached skill level 10 in Shields
 21658 | Lair:5   | Reached skill level 10 in Unarmed Combat
 21658 | Lair:5   | Reached skill level 10 in Evocations
 21762 | Lair:5   | Reached XP level 15. HP: 55/115 MP: 8/28
 22950 | Lair:5   | Noticed Kirke
 22971 | Lair:5   | Killed Kirke
 24013 | D:10     | Identified the +6 longbow of Armageddon {flame, rF+ Int-3
                  | SInv}
 24025 | D:10     | Identified the +9 glaive "Dum Ulo" {vorpal, rPois rN+++
                  | rCorr Int+4}
 24408 | D:10     | Found a hide-covered altar of Uskayaw.
 24778 | D:11     | Received a gift from Sif Muna
 24788 | D:11     | Got Sif Muna's Meditations on Translocation and Traumaturgy
                  | {god gift}
 25451 | D:12     | Found a portal to a secret trove of treasure.
 25945 | D:13     | Identified the +0 chain mail of the Monkey {Fly Str+3}
 26273 | D:13     | Noticed Azrael
 26297 | D:13     | Killed Azrael
 26443 | D:13     | Noticed Sonja
 26448 | D:13     | Reached XP level 16. HP: 95/124 MP: 11/29
 26448 | D:13     | Killed Sonja
 26480 | D:13     | Reached skill level 13 in Spellcasting
 27226 | D:14     | Noticed Josephine
 27238 | D:14     | Killed Josephine
 27257 | D:14     | Received a gift from Sif Muna
 27260 | D:14     | Got Sif Muna's Incunable of Pestilent Wicked Magic {god
                  | gift}
 27295 | D:14     | Learned a level 2 spell: Wereblood
 27299 | D:14     | Learned a level 3 spell: Vampiric Draining
 27945 | D:14     | Killed from afar by a war gargoyle

Illustrated notes

Levels and vault maps discovered:
D:1:      elethiomel_arrival_infinity_welcomes_careful_drivers, layout_basic
D:2:      layout_basic
D:3:      layout_basic, minmay_checkerbox
D:4:      layout_basic, gup_ossuary_entry_pyramid
D:5:      layout_cave_pools, minmay_temple_entry_gardened_gates,
          serial_gnoll_camp, gnoll_camp_huts_moat, gnoll_camp_mini_loothouse,
          gnoll_camp_medium_01, gnoll_camp_mini_basic, gnoll_camp_mini_basic,
          uniq_blork_the_orc, uniq_eustachio
D:6:      layout_basic, nicolae_dithmenos_through_a_glass_darkly,
          chequers_temple_overflow_minitemple, minmay_overflow_temple_star_hex
D:7:      layout_rooms, minmay_misc_feat_hallway, uniq_joseph
D:8:      layout_gridville, special_room [special_room_orc],
          minmay_misc_feat_iff, kennysheep_generic_room_13
D:9:      layout_rooms, lair_entry_dummy, orc_0_dummy, enter_bailey_5
D:10:     minmay_the_grid_3x2 [minmay_the_grid_minigrid_medium,
          minmay_the_grid_plusring, minmay_the_grid_doors, minmay_the_grid_mess,
          minmay_the_grid_minigrid_small_alt,
          minmay_the_grid_prize_diamond_cup], layout_gridville,
          nicolae_uskayaw_dance_hall, minmay_misc_feat_tiny
D:11:     layout_long_grid, special_room [special_room_bee], chequers_avenue
D:12:     nzn_winding_woodlands_huge [nzn_winding_woodlands_5x15_crooked,
          nzn_winding_woodlands_5x15_default,
          nzn_winding_woodlands_5x15_default,
          nzn_winding_woodlands_5x15_lazy_stream,
          nzn_winding_woodlands_5x15_split_checker,
          nzn_winding_woodlands_5x15_river_crossing,
          nzn_winding_woodlands_5x15_pockets, nzn_winding_woodlands_5x15_parted,
          nzn_winding_woodlands_5x15_concentric,
          nzn_winding_woodlands_5x15_sawtooth,
          nzn_winding_woodlands_center_pierced_h,
          nzn_winding_woodlands_center_diamonds,
          nzn_winding_woodlands_15x15_thick_spiral], layout_gridville,
          nicolae_trove_entry_crossroad
D:13:     layout_basic, uniq_azrael, uniq_sonja
D:14:     lemuel_traditional_vault, layout_gridville, david_vaults_4,
          serial_rivers, chequers_serial_rivers_large_a,
          chequers_serial_rivers_large_b, chequers_serial_rivers_marsh,
          chequers_serial_rivers_micro_e, chequers_serial_rivers_micro_b,
          chequers_serial_rivers_micro_b, kennysheep_generic_room_6,
          uniq_josephine
Temple:   jpeg_temple_clearing
Lair:1:   layout_long_grid, portal_ice_cave_entry_ice_simulacra,
          grunt_megastairs_4
Lair:2:   layout_hall_layers, palyth_hydra_swamp_entry, lemuel_fruit_tree
Lair:3:   layout_cave_pods, spider_nest_entry_web_field,
          nicolae_quartered_pool_impasse, grunt_forest_small_clearing_treed
Lair:4:   minmay_guarded_unrand_snakebite, layout_hall_layers,
          minmay_slime_entry_jelly_boxes, minmay_holes, serial_bayou_pond_e,
          chequers_serial_rivers_micro_c, grunt_megastairs_5,
          infiniplex_staircase_pool
Lair:5:   minmay_lair_end_frog_pond, layout_cave_pods, uniq_kirke
Orc:1:    layout_caves, basic_altar
Orc:2:    st_orc_open, layout_diamond_mine, basic_altar, serial_shops, shop,
          nicolae_orc_sculptors_studio, guppyfry_orc_lava_fort

Skill      XL: |  1  2  3  4  5  6  7  8  9 10 11 12 13 14 15 16 |
---------------+-------------------------------------------------+-----
Conjurations   | 2 3 4 5 6 7 8 9 |  9.8
Summonings     | 2 3 4 5 6 7 8 9 |  9.8
Translocations | 2 3 4 5 6 7 8 9 |  9.8
Invocations    | 1 2 3 4 5 6 7 8 10 11 12 | 12.2
Fighting       | 1 2 3 5 6 7 8 9 10 11 | 11.3
Short Blades   | 1 2 3 5 6 7 8 9 10 11 | 11.3
Long Blades    | 1 2 3 5 6 7 8 9 10 11 | 11.3
Axes           | 1 2 3 5 6 7 8 9 10 11 | 11.3
Maces & Flails | 1 2 3 5 6 7 8 9 10 11 | 11.3
Polearms       | 1 2 3 5 6 7 8 9 10 11 | 11.3
Staves         | 1 2 3 5 6 7 8 9 10 11 | 11.3
Ranged Weapons | 1 2 3 5 6 7 8 9 10 11 | 11.3
Throwing       | 1 2 3 5 6 7 8 9 10 11 | 11.3
Armour         | 1 2 3 5 6 7 8 9 10 11 | 11.3
Shields        | 1 2 3 5 6 7 8 9 10 11 | 11.3
Unarmed Combat | 1 2 3 5 6 7 8 9 10 11 | 11.3
Evocations     | 1 2 3 5 6 7 8 9 10 11 | 11.3
Hexes          | 1 2 3 4 5 6 7 8 9 |  9.5
Necromancy     | 1 2 3 4 5 6 7 8 9 |  9.5
Transmutations | 1 2 3 4 5 6 7 8 9 |  9.5
Fire Magic     | 1 2 3 4 5 6 7 8 9 |  9.5
Ice Magic      | 1 2 3 4 5 6 7 8 9 |  9.5
Air Magic      | 1 2 3 4 5 6 7 8 9 |  9.5
Earth Magic    | 1 2 3 4 5 6 7 8 9 |  9.5
Poison Magic   | 1 2 3 4 5 6 7 8 9 |  9.5
Dodging        | 5 6 7 8 9 10 11 12 | 12.1
Stealth        | 5 6 7 8 9 10 11 12 | 12.0
Spellcasting   | 8 9 10 11 12 13 | 13.2

Action                   |  1- 3 |  4- 6 |  7- 9 | 10-12 | 13-15 | 16-18 || total
-------------------------+-------+-------+-------+-------+-------+-------++-------
Melee: Dagger            |    10 |    53 |    33 |       |       |       ||    96
       Short sword       |    53 |    31 |       |       |       |       ||    84
       Punch             |     1 |     4 |     5 |       |       |       ||    10
       Bite              |     4 |    28 |    46 |    91 |   106 |    16 ||   291
       Hand axe          |       |   119 |   343 |   607 |   291 |       ||  1360
       War axe           |       |       |       |       |   141 |       ||   141
       Whip              |       |       |       |       |   205 |       ||   205
       Glaive            |       |       |       |       |   115 |    95 ||   210
Throw: Dart              |       |       |    11 |    28 |    20 |       ||    59
 Cast: Magic Dart        |    29 |    11 |     5 |     1 |     3 |       ||    49
       Call Imp          |     7 |     8 |     5 |     2 |       |       ||    22
       Blink             |       |     4 |    10 |    14 |    16 |     7 ||    51
       Mephitic Cloud    |       |     1 |    29 |    37 |    11 |       ||    78
       Kindle Blastspark |       |    12 |     6 |       |       |       ||    18
       Slow              |       |    10 |     3 |       |       |       ||    13
       Ignite Poison     |       |       |    12 |    74 |    75 |    10 ||   171
       Dispel Undead     |       |       |     3 |    17 |     7 |    12 ||    39
       Flame Wave        |       |       |     1 |     2 |    12 |       ||    15
       Freezing Cloud    |       |       |       |     3 |    17 |     4 ||    24
       Olgreb's Toxic Ra |       |       |       |       |    83 |    17 ||   100
       Frozen Ramparts   |       |       |       |       |    10 |     2 ||    12
       Summon Lightning  |       |       |       |       |    10 |     1 ||    11
       Sticky Flame      |       |       |       |       |    10 |       ||    10
       Ignition          |       |       |       |       |     1 |       ||     1
       Vampiric Draining |       |       |       |       |       |     3 ||     3
       Wereblood         |       |       |       |       |       |     2 ||     2
Invok: Channel Magic     |       |       |       |     1 |     2 |       ||     3
       Divine Exegesis   |       |       |       |       |     1 |       ||     1
Evoke: Wand              |       |    10 |     1 |       |       |       ||    11
  Use: Scroll            |       |     9 |    12 |     9 |     6 |     2 ||    38
       Potion            |       |       |     9 |       |       |     2 ||    11
 Stab: Sleeping          |     3 |    18 |     3 |     4 |    36 |     3 ||    67
       Distracted        |       |       |     1 |       |     3 |       ||     4
       Confused          |       |       |    11 |     8 |       |       ||    19
Armor: Robe              |    31 |    57 |    66 |       |       |       ||   154
       Leather armour    |       |       |   112 |   165 |       |       ||   277
       Troll leather arm |       |       |       |   118 |   206 |    48 ||   372
       Ice dragon scales |       |       |       |       |    74 |       ||    74
Dodge: Dodged            |    56 |   131 |   301 |   516 |   570 |   121 ||  1695
Block: Buckler           |       |       |    50 |   194 |   226 |       ||   470

Table legend: (Time is in decaauts)
 A = Elapsed time spent in this place.
 B = Non-inter-level travel time spent in this place.
 C = Inter-level travel time spent in this place.
 D = Time resting spent in this place.
 E = Time spent auto-exploring this place.
 F = Levels seen in this place.
 G = Mean time per level.
                   A        B        C        D        E       F      G
               +--------+--------+--------+--------+--------+-----+--------+
         Total |  28060 |  27229 |    831 |   4998 |  11931 |  25 | 1122.4 |
       Dungeon |  14805 |  14434 |    371 |   2354 |   6740 |  14 | 1057.5 |
        Temple |     34 |     24 |     10 |      0 |     15 |   1 |   34.0 |
          Lair |   6712 |   6360 |    352 |    557 |   4068 |   5 | 1342.4 |
  Orcish Mines |   3275 |   3178 |     97 |    986 |    703 |   2 | 1637.5 |
       Ossuary |   1252 |   1252 |      0 |    304 |     48 |   1 | 1252.0 |
        Bailey |    402 |    402 |      0 |    126 |     21 |   1 |  402.0 |
      Ice Cave |   1576 |   1576 |      0 |    671 |    335 |   1 | 1576.0 |
               +--------+--------+--------+--------+--------+-----+--------+

Top non-repeatable levels by time:
  Lair:5: 1992 daAuts
   Orc:1: 1898 daAuts
   IceCv: 1576 daAuts
    D:10: 1486 daAuts
     D:5: 1471 daAuts
   Orc:2: 1376 daAuts
  Lair:4: 1348 daAuts
 Ossuary: 1252 daAuts
     D:7: 1217 daAuts
     D:4: 1206 daAuts
  Lair:3: 1195 daAuts
     D:6: 1194 daAuts
    D:14: 1153 daAuts
    D:13: 1146 daAuts
     D:9: 1129 daAuts
